 Dungeon Crawl Stone Soup version 0.31.0-11-ge490571c62 (webtiles) character file.

Game seed: 13715039232837630708

1310 qw the Skirmisher (level 8, -1/40 HPs)
             Began as a Spriggan Hunter on Feb 4, 2024.
             Slain by Pikel
             ... wielding a +1 whip of flaming
              (8 damage)
             ... on level 5 of the Dungeon.
             The game lasted 00:00:19 (3103 turns).

qw the Skirmisher (Spriggan Hunter)                 Turns: 3103, Time: 00:00:19

Health: -1/40      AC:  6    Str:  7    XL:     8   Next: 32%
Magic:  9/9        EV: 28    Int: 10    God:
Gold:   69         SH:  0    Dex: 21    Spells: 7/7 levels left

rFire   . . .        j - +2 orcbow
rCold   . . .        (shield currently unavailable)
rNeg    . . .        c - +0 robe
rPois   .            (helmet restricted)
rElec   .            (no cloak)
rCorr   .            (gloves unavailable)
SInv    +            (boots unavailable)
Will    +....        (no amulet)
Stlth   ++           h - +5 ring of evasion
HPRegen 0.26/turn    d - +4 ring of protection
MPRegen 0.11/turn

%: no passive effects
@: very quick
A: very small, no large weapons, unfitting armour, see invisible, speed 3
a: no special abilities


You were on level 5 of the Dungeon.
You visited 2 branches of the dungeon, and saw 6 of its levels.
You also visited: Sewer.

You collected 206 gold pieces.
You spent 137 gold pieces at shops.


Innate Abilities, Weirdness & Mutations

You are very small and have problems with some larger weapons.
You are too small for most types of armour.
You have supernaturally acute eyesight. (SInv)
You cover ground extremely quickly. (Speed+++)


   Skills:
 - Level 3.0 Fighting
 + Level 8.7 Ranged Weapons
 - Level 8.1 Dodging
 - Level 1.5 Stealth


You had 7 spell levels left.
You didn't know any spells.
Your spell library was empty.

Inventory:

Hand Weapons
 j - a +2 orcbow (weapon)
Armour
 c - a +0 robe (worn)
Jewellery
 d - a +4 ring of protection (right hand)
 h - a +5 ring of evasion (left hand)
Wands
 b - a wand of iceblast (6)
Scrolls
 a - a scroll of identify
 e - a scroll of teleportation {unknown}
Potions
 g - 4 potions of curing
 i - a potion of resistance

Dungeon Overview and Level Annotations

Branches:
Dungeon (5/15)             Temple (1/1) D:4           Sewer (visited)

Altars:
Ashenzari
Cheibriados
Dithmenos
Elyvilon
Gozag
Hepliaklqana
Kikubaaqudgha
Nemelex Xobeh
Qazlal
Sif Muna
Trog
Vehumet
Wu Jian
Xom
Yredelemnul
The Shining One

Shops:
D:3 ((**   D:4 [

Annotations:
D:3 1 runed translucent door, qw's ghost, amateur DEHu
D:5 Pikel


Message History

Pikel hits you with a +1 whip of flaming!
Pikel burns you.
You shoot an arrow. The arrow hits Pikel.
Pikel is severely wounded.
Pikel zaps a wand.
The puff of flame hits you!
You shoot an arrow. The arrow closely misses Pikel.
The arrow closely misses the lemure.
Pikel completely misses you.
You shoot an arrow. The arrow misses Pikel.
The arrow closely misses the lemure.
Pikel closely misses you.
You shoot an arrow. The arrow closely misses Pikel.
The arrow hits the lemure.
The lemure is lightly wounded.
Pikel closely misses you.
You shoot an arrow. The arrow barely misses Pikel.
The arrow hits the lemure!
The lemure is heavily wounded.
Pikel misses you.
You shoot an arrow. The arrow hits Pikel.
Pikel is severely wounded.
Pikel closely misses you. Pikel misses you.
You shoot an arrow. The arrow closely misses Pikel.
The arrow hits the lemure.
The lemure is heavily wounded.
Pikel hits you with a +1 whip of flaming.
Pikel burns you.
You shoot an arrow. The arrow barely misses Pikel.
The arrow closely misses the lemure.
Pikel hits you with a +1 whip of flaming.
Pikel burns you.
You shoot an arrow. The arrow closely misses Pikel.
The arrow hits the lemure!
The lemure is almost dead.
Pikel barely misses you.
You shoot an arrow. The arrow barely misses Pikel.
The arrow hits the lemure but does no damage.
The lemure is severely wounded.
Pikel hits you with a +1 whip of flaming.
Pikel burns you.
You shoot an arrow. The arrow closely misses Pikel.
The arrow barely misses the lemure.
Pikel hits you with a +1 whip of flaming!
You die...
Pikel says, "Another soul for the market."

. #.. ##..#
###...#
###@K5#
##...### ##
###...##
#.##...###
#######
#.....##
#.......##
#......##
#..PPPPP..#
#.......#
#.P.P...P.#
##.#.....#
#.P.....P.#
#........##
#.P..P....#


You could see Pikel and a lemure.

Vanquished Creatures
  Sigmund (D:2)
  Eustachio (D:4)
  Edmund (D:4)
  An ice beast (D:5)
  3 lemures (D:5)
  3 kobold brigands (Sewer)
  A phantom (D:5)
  A scorpion (D:5)
  2 gnoll sergeants (D:5)
  An orc priest (D:5)
  A jelly (D:5)
  A hound (D:4)
  7 gnolls (D:5)
  7 adders
  2 river rats (Sewer)
  A dart slug (D:3)
  4 ribbon worms
  14 orcs
  5 endoplasms
  7 giant cockroaches
  9 hobgoblins
  3 jackals (D:2)
  4 quokkas
  5 ball pythons
  3 bats
  5 frilled lizards
  4 goblins
  14 kobolds
  7 rats
118 creatures vanquished.

Notes
Turn   | Place    | Note
-------+----------+-------------------------------------------
     0 | D:1      | qw the Spriggan Hunter began the quest for the Orb.
     0 | D:1      | Reached XP level 1. HP: 10/10 MP: 2/2
     0 | D:1      | 0 ||| qw: Version: 0.3-a-160-g6735b56
     0 | D:1      | 0 ||| qw: Game counter: 5370
     0 | D:1      | 0 ||| qw: Melee chars always use a shield: true
     0 | D:1      | 0 ||| qw: God list: Okawaru
     0 | D:1      | 0 ||| qw: Allow faded altars: false
     0 | D:1      | 0 ||| qw: Do Orc after clearing Dungeon:15 true
     0 | D:1      | 0 ||| qw: Do second Lair branch before Depths: true
     0 | D:1      | 0 ||| qw: Lair rune preference: random
     0 | D:1      | 0 ||| qw: Goals: Normal
     0 | D:1      | 0 ||| PLANNING D:1-11
    69 | D:1      | Reached skill level 3 in Dodging
   237 | D:1      | Reached XP level 2. HP: 14/14 MP: 3/3
   268 | D:1      | 268 ||| UPGRADING to +5 ring of evasion.
   269 | D:1      | 269 ||| READING 2 scrolls labelled WAEQAN HIGU.
   269 | D:1      | 269 ||| ENCHANTING +0 shortbow.
   270 | D:1      | 270 ||| READING scroll of enchant weapon.
   270 | D:1      | 270 ||| ENCHANTING +1 shortbow.
   271 | D:1      | 271 ||| READING scroll labelled GAMAEX DUNURPH.
   527 | D:1      | 527 ||| READING scroll labelled TUESOMOBLO.
   527 | D:1      | 527 ||| IDENTIFYING 2 green potions
   528 | D:1      | 528 ||| DROPPING scroll of butterflies.
   560 | D:2      | Noticed Sigmund
   565 | D:2      | 565 ||| DRINKING 2 potions of curing.
   565 | D:2      | 565 ||| (to cure confusion)
   569 | D:2      | Killed Sigmund
   570 | D:2      | Reached skill level 6 in Ranged Weapons
   570 | D:2      | Reached XP level 3. HP: 5/18 MP: 4/4
   570 | D:2      | Reached XP level 4. HP: 6/22 MP: 5/5
   570 | D:2      | Reached XP level 5. HP: 7/25 MP: 6/6
  1103 | D:2      | 1103 ||| UPGRADING to +4 ring of protection.
  1104 | D:2      | 1104 ||| READING scroll labelled ETURUV WAC.
  1128 | D:3      | 1128 ||| STAIRDANCE
  1136 | D:3      | 1136 ||| STAIRDANCE
  1179 | D:3      | Found Yfiohad's Weapon Shop.
  1189 | D:3      | 1189 ||| SHOPLISTING +3 orcbow of freezing (233 gold, have
                  | 105).
  1314 | D:3      | Found a snail-covered altar of Cheibriados.
  1324 | D:3      | Found a runed translucent door.
  1324 | D:3      | Noticed qw's ghost (amateur DEHu)
  1336 | D:3      | Found Yzxedauh's Antique Weapon Shoppe.
  1345 | D:3      | 1345 ||| BUYING orcbow (73 gold).
  1345 | D:3      | Bought an orcbow for 73 gold pieces
  1345 | D:3      | 1345 ||| SHOPLISTING runed orcbow (136 gold, have 66).
  1345 | D:3      | 1345 ||| SWAPPING to +0 orcbow.
  1346 | D:3      | 1346 ||| DROPPING +2 shortbow.
  1402 | D:3      | Found Vuachekh's Assorted Antiques.
  1413 | D:3      | 1413 ||| BUYING bubbling puce potion (22 gold).
  1413 | D:3      | Bought a bubbling puce potion for 22 gold pieces
  1413 | D:3      | 1413 ||| SHOPLISTING peridot ring (125 gold, have 44).
  1413 | D:3      | 1413 ||| SHOPLISTING twisted silver wand (100 gold, have
                  | 44).
  1454 | D:3      | 1454 ||| READING scroll of enchant weapon.
  1454 | D:3      | 1454 ||| ENCHANTING +0 orcbow.
  1492 | D:3      | Found Luozop's General Store.
  1497 | D:3      | 1497 ||| BUYING potion of curing (42 gold).
  1497 | D:3      | Bought a potion of curing for 42 gold pieces
  1643 | D:3      | 1643 ||| READING scroll of identify.
  1643 | D:3      | 1643 ||| IDENTIFYING sedimented pink potion
  1644 | D:3      | 1644 ||| DRINKING 2 coppery potions.
  1645 | D:3      | 1645 ||| DRINKING 3 bubbling puce potions.
  1646 | D:3      | 1646 ||| DROPPING potion of degeneration.
  1647 | D:3      | 1647 ||| DROPPING 2 potions of magic.
  1669 | D:4      | 1669 ||| PLANNING SEWER
  1689 | D:4      | Found Okkahoim's Antique Armour Emporium.
  1730 | D:4      | Found a staircase to the Ecumenical Temple.
  1760 | D:4      | Found a shadowy altar of Dithmenos.
  1776 | D:4      | Reached XP level 6. HP: 30/30 MP: 7/7
  1783 | D:4      | Found an ancient bone altar of Kikubaaqudgha.
  1836 | D:4      | Noticed Edmund
  1837 | D:4      | 1837 ||| DRINKING potion of haste.
  1845 | D:4      | Killed Edmund
  1846 | D:4      | Reached skill level 6 in Dodging
  1899 | D:4      | 1899 ||| READING scroll of enchant weapon.
  1899 | D:4      | 1899 ||| ENCHANTING +1 orcbow.
  2065 | D:4      | Found a glowing drain.
  2066 | D:4      | 2066 ||| READING scroll labelled BOUMOUWAGHI.
  2070 | Sewer    | Entered a sewer
  2096 | Sewer    | Reached XP level 7. HP: 35/35 MP: 8/8
  2351 | Sewer    | 2351 ||| READING scroll of identify.
  2351 | Sewer    | 2351 ||| IDENTIFYING sapphire potion
  2352 | Sewer    | 2352 ||| DRINKING 2 dark potions.
  2380 | D:4      | 2380 ||| PLANNING TEMPLE
  2418 | D:4      | Noticed Eustachio
  2419 | D:4      | 2419 ||| DRINKING potion of haste.
  2438 | D:4      | Killed Eustachio
  2551 | Temple   | Entered the Ecumenical Temple
  2552 | Temple   | 2552 ||| PLANNING D:1-11
  2583 | D:5      | Entered Level 5 of the Dungeon
  2670 | D:5      | HP: 5/35 [gnoll sergeant/+0 trident (11)]
  2671 | D:5      | 2671 ||| DRINKING potion of heal wounds.
  2677 | D:5      | HP: 7/35 [gnoll/+1 halberd of protection[a gnoll sergeant]
                  | (13)]
  2931 | D:5      | Reached XP level 8. HP: 39/39 MP: 9/9
  2954 | D:5      | Reached skill level 3 in Fighting
  3084 | D:5      | Noticed Pikel
  3100 | D:5      | HP: 10/40 [Pikel/+1 whip of flaming (6)]
  3103 | D:5      | Slain by Pikel

Levels and vault maps discovered:
D:1:      heliophobic_arrival_ceremonial_halls, layout_rooms, serial_glass,
          glass_columns_b, glass_columns_a, nrook_uturn
D:2:      layout_basic, dreamdust_mushroom_princess, uniq_sigmund
D:3:      layout_rooms, kennysheep_slug_shrine, ebering_ghost_inner_flame,
          serial_shops, nicolae_shop_peninsula, nicolae_shop_tiny_glass, shop,
          nicolae_shop_hallway_stairs
D:4:      layout_rooms, nicolae_dithmenos_shadow_blocks,
          kiku_gazebo_garden_becter, minmay_temple_entry_statues,
          mainiacjoe_sewer_entry_somewhere_in_here_2, nicolae_stop_n_shop_2,
          uniq_eustachio, uniq_edmund
D:5:      layout_cave_pods, serial_shops, nicolae_shop_back_alley_shop,
          nicolae_grassy_gnolls, uniq_pikel
Temple:   dshaligram_water_room_temple

Skill      XL: |  1  2  3  4  5  6  7  8 |
---------------+-------------------------+-----
Dodging        | 3 4 6 7 8 |  8.1
Ranged Weapons | 6 8 |  8.7
Fighting       | 2 3 |  3.0
Stealth        | |  1.5

Action                     |  1- 3 |  4- 6 |  7- 9 || total
---------------------------+-------+-------+-------++-------
   Fire: Shortbow          |    43 |    61 |       ||   104
         Orcbow            |       |    99 |   159 ||   258
    Use: Scroll            |     4 |     5 |     1 ||    10
         Potion            |     1 |     3 |     3 ||     7
 Armour: Robe              |     4 |     7 |    21 ||    32
  Dodge: Dodged            |     8 |    89 |    65 ||   162

Table legend:
 A = Non-vault XP
 B = Vault XP
 C = Vault XP percentage of total XP
 D = Non-vault monster count
 E = Vault monster count
 F = Vault count percentage of total count
                 A         B        C        D         E       F
            +---------+---------+-------+---------+---------+-------
      Total |     744 |    1128 |  60.3 |      82 |      33 |  28.7
            +---------+---------+-------+---------+---------+-------
        D:1 |      19 |       0 |   0.0 |      14 |       0 |   0.0
        D:2 |      44 |     239 |  84.5 |      22 |       1 |   4.3
        D:3 |      22 |       4 |  15.4 |      12 |       1 |   7.7
        D:4 |      94 |     393 |  80.7 |      19 |       9 |  32.1
        D:5 |     565 |     126 |  18.2 |      15 |       4 |  21.1
      Sewer |       0 |     366 | 100.0 |       0 |      18 | 100.0
            +---------+---------+-------+---------+---------+-------
